[ AOE2 MATCH · #505554475 ]
UnrankedMongols vs Magyars
Player's team · LOSS
Rival team · WIN
[ REPLAY ANALYSIS · EXTRACTED FROM THE RECORDED GAME ]
Feudal
9:20
Castle
20:49
Imperial
—
| APM avg | 56.3 |
| APM peak | 88 |
| eAPM avg | 27.4 |
| Villagers / military | 114 / 106 |
Focus
⚔️ 38.4% · 🌾 61.6%
Archer ×47 · Skirmisher ×13 · Cavalry Archer ×13 · Mangonel ×12 · Spearman ×12 · Mangudai ×8
Feudal
9:45
Castle
21:42
Imperial
43:37
| APM avg | 49.8 |
| APM peak | 73 |
| eAPM avg | 27.1 |
| Villagers / military | 149 / 86 |
Focus
⚔️ 43.3% · 🌾 56.7%
Cavalry Archer ×31 · Knight ×16 · Mangonel ×14 · Scout Cavalry ×12 · Archer ×9 · Monk ×2
Match map
Initial resources + every placement click. Lines = walls · curves = elevation contours. ◆ gold · ⬟ stone · ● berries · ✦ relic · ◌ wall gap
Your base· Open — unwalled flank
LvSP | Réyiman's base· Open — unwalled flank
Smoothed initial terrain · ◌ = detected wall gap · hover for details
Inputs per minute
— Chimirindo - - LvSP | Réyiman
Build order — Chimirindo
First 150 of 356 actions detected
| 0:01 | Create | Villager (Male) |
| 0:01 | Create | Villager (Male) |
| 0:02 | Build | House |
| 0:03 | Build | House |
| 0:17 | Create | Villager (Male) |
| 0:17 | Create | Villager (Male) |
| 1:25 | Create | Villager (Male) |
| 1:57 | Build | Lumber Camp |
| 2:03 | Create | Villager (Male) |
| 2:27 | Create | Villager (Male) |
| 2:53 | Create | Villager (Male) |
| 2:53 | Create | Villager (Male) |
| 3:41 | Create | Villager (Male) |
| 3:41 | Create | Villager (Male) |
| 4:00 | Build | House |
| 4:01 | Build | House |
| 4:03 | Create | Villager (Male) |
| 4:03 | Create | Villager (Male) |
| 4:29 | Build | Palisade Wall |
| 4:37 | Create | Villager (Male) |
| 4:59 | Create | Villager (Male) |
| 5:20 | Create | Villager (Male) |
| 5:49 | Create | Villager (Male) |
| 6:17 | Create | Villager (Male) |
| 6:34 | Build | Mining Camp |
| 6:45 | Create | Villager (Male) |
| 7:03 | Build | Mill |
| 7:09 | Research | Feudal Age |
| 7:48 | Build | House |
| 7:54 | Create | Villager (Male) |
| 7:58 | Research | Loom |
| 8:02 | Create | Villager (Male) |
| 8:33 | Build | Barracks |
| 8:54 | Build | Palisade Wall |
| 8:57 | Build | Palisade Wall |
| 9:13 | Create | Villager (Male) |
| 9:20 | Age | Feudal Age |
| 9:22 | Build | Farm |
| 9:24 | Research | Double-Bit Axe |
| 9:34 | Build | Watch Tower |
| 9:40 | Create | Villager (Male) |
| 9:59 | Create | Spearman |
| 10:31 | Create | Spearman |
| 10:39 | Create | Villager (Male) |
| 10:43 | Build | Mill |
| 10:53 | Create | Villager (Male) |
| 11:11 | Create | Villager (Male) |
| 11:36 | Build | Archery Range |
| 11:58 | Build | House |
| 12:03 | Build | House |
| 12:04 | Build | Palisade Wall |
| 12:05 | Build | Palisade Wall |
| 12:10 | Build | Farm |
| 12:11 | Create | Villager (Male) |
| 12:32 | Create | Spearman |
| 12:33 | Create | Villager (Male) |
| 12:56 | Build | Farm |
| 13:02 | Create | Villager (Male) |
| 13:15 | Build | Watch Tower |
| 13:16 | Create | Villager (Male) |
| 13:38 | Create | Villager (Male) |
| 13:39 | Create | Spearman |
| 13:45 | Create | Archer |
| 13:54 | Build | Mining Camp |
| 14:11 | Create | Spearman |
| 14:12 | Create | Villager (Male) |
| 14:21 | Build | Farm |
| 14:32 | Build | Palisade Gate |
| 14:34 | Build | Palisade Gate |
| 14:43 | Build | Palisade Wall |
| 14:44 | Build | Palisade Wall |
| 14:46 | Build | Palisade Wall |
| 14:47 | Build | Palisade Wall |
| 14:48 | Create | Villager (Male) |
| 14:51 | Create | Villager (Male) |
| 14:56 | Build | Farm |
| 15:06 | Create | Archer |
| 15:23 | Build | Farm |
| 15:25 | Build | Farm |
| 15:30 | Create | Villager (Male) |
| 15:38 | Create | Villager (Male) |
| 15:57 | Create | Villager (Male) |
| 16:05 | Create | Spearman |
| 16:07 | Build | House |
| 16:10 | Build | Palisade Wall |
| 16:21 | Create | Villager (Male) |
| 16:44 | Create | Villager (Male) |
| 16:45 | Create | Spearman |
| 16:55 | Create | Archer |
| 16:55 | Create | Archer |
| 17:09 | Build | Watch Tower |
| 17:16 | Build | Farm |
| 17:29 | Create | Villager (Male) |
| 17:32 | Build | Blacksmith |
| 17:45 | Create | Archer |
| 18:05 | Research | Castle Age |
| 18:17 | Build | Farm |
| 18:26 | Build | Archery Range |
| 19:15 | Research | Fletching |
| 19:16 | Create | Archer |
| 19:19 | Build | House |
| 19:23 | Build | House |
| 19:24 | Build | Palisade Wall |
| 19:28 | Build | Palisade Wall |
| 19:35 | Build | House |
| 19:36 | Build | Palisade Wall |
| 19:38 | Build | Palisade Wall |
| 19:42 | Build | Palisade Wall |
| 19:43 | Build | Palisade Wall |
| 19:48 | Build | Palisade Wall |
| 19:53 | Create | Archer |
| 19:53 | Create | Archer |
| 19:56 | Build | House |
| 20:27 | Create | Archer |
| 20:28 | Create | Archer |
| 20:29 | Create | Villager (Male) |
| 20:29 | Create | Villager (Male) |
| 20:33 | Build | Farm |
| 20:33 | Build | Farm |
| 20:35 | Build | Farm |
| 20:37 | Create | Spearman |
| 20:49 | Age | Castle Age |
| 20:51 | Build | Siege Workshop |
| 20:57 | Research | Bodkin Arrow |
| 21:26 | Create | Mangonel |
| 21:28 | Create | Villager (Male) |
| 21:28 | Create | Villager (Male) |
| 21:29 | Build | House |
| 21:40 | Research | Crossbowman (upgrade) |
| 21:54 | Build | House |
| 21:55 | Create | Spearman |
| 22:08 | Create | Skirmisher |
| 22:21 | Build | House |
| 22:35 | Create | Archer |
| 22:35 | Create | Archer |
| 23:21 | Create | Mangonel |
| 23:22 | Create | Villager (Male) |
| 23:22 | Create | Villager (Male) |
| 23:22 | Create | Villager (Male) |
| 23:22 | Create | Villager (Male) |
| 23:45 | Build | Farm |
| 23:48 | Create | Skirmisher |
| 23:48 | Create | Skirmisher |
| 24:08 | Create | Villager (Male) |
| 24:22 | Create | Villager (Male) |
| 24:50 | Create | Archer |
| 24:51 | Create | Archer |
| 25:31 | Create | Mangonel |
| 25:35 | Create | Villager (Male) |
| 25:35 | Create | Villager (Male) |
Build order — LvSP | Réyiman
First 150 of 438 actions detected
| 0:00 | Create | Villager (Male) |
| 0:01 | Create | Villager (Male) |
| 0:02 | Build | House |
| 0:03 | Build | House |
| 0:04 | Build | House |
| 0:08 | Create | Villager (Male) |
| 0:09 | Create | Villager (Male) |
| 1:18 | Create | Villager (Male) |
| 1:18 | Create | Villager (Male) |
| 2:02 | Build | Lumber Camp |
| 2:06 | Create | Villager (Male) |
| 2:06 | Create | Villager (Male) |
| 2:06 | Create | Villager (Male) |
| 2:18 | Build | Palisade Wall |
| 2:39 | Build | House |
| 2:41 | Build | House |
| 2:42 | Build | Palisade Wall |
| 2:51 | Create | Villager (Male) |
| 2:56 | Create | Villager (Male) |
| 2:56 | Create | Villager (Male) |
| 3:27 | Create | Villager (Male) |
| 3:55 | Build | House |
| 4:09 | Create | Villager (Male) |
| 4:21 | Create | Villager (Male) |
| 4:28 | Create | Villager (Male) |
| 5:15 | Create | Villager (Male) |
| 5:42 | Create | Villager (Male) |
| 6:10 | Create | Villager (Male) |
| 6:16 | Build | Mill |
| 6:34 | Create | Villager (Male) |
| 6:45 | Build | Palisade Wall |
| 6:46 | Build | Palisade Wall |
| 6:48 | Build | Palisade Wall |
| 7:07 | Create | Villager (Male) |
| 7:35 | Research | Feudal Age |
| 7:35 | Research | Feudal Age |
| 8:24 | Build | Palisade Wall |
| 8:53 | Build | Barracks |
| 9:36 | Create | Villager (Male) |
| 9:45 | Age | Feudal Age |
| 9:48 | Build | Stable |
| 9:54 | Create | Villager (Male) |
| 9:57 | Research | Double-Bit Axe |
| 9:57 | Research | Double-Bit Axe |
| 10:09 | Research | Horse Collar |
| 10:13 | Create | Spearman |
| 10:32 | Create | Scout Cavalry |
| 10:36 | Research | Loom |
| 10:38 | Build | House |
| 10:40 | Build | House |
| 10:46 | Build | Mill |
| 10:58 | Create | Villager (Male) |
| 11:01 | Build | Watch Tower |
| 11:16 | Build | House |
| 11:21 | Create | Villager (Male) |
| 11:22 | Create | Scout Cavalry |
| 11:38 | Create | Villager (Male) |
| 11:51 | Build | Farm |
| 11:52 | Build | Farm |
| 11:54 | Create | Scout Cavalry |
| 12:06 | Build | Farm |
| 12:06 | Create | Villager (Male) |
| 12:12 | Create | Scout Cavalry |
| 12:42 | Build | Farm |
| 12:42 | Create | Villager (Male) |
| 13:00 | Create | Scout Cavalry |
| 13:04 | Build | Farm |
| 13:04 | Build | Farm |
| 13:32 | Create | Villager (Male) |
| 13:38 | Create | Villager (Male) |
| 13:39 | Create | Villager (Male) |
| 14:02 | Build | Farm |
| 14:08 | Create | Villager (Male) |
| 14:13 | Create | Scout Cavalry |
| 14:13 | Create | Scout Cavalry |
| 14:22 | Build | Palisade Wall |
| 14:24 | Build | Palisade Wall |
| 14:27 | Build | Farm |
| 14:35 | Build | House |
| 14:37 | Build | House |
| 14:37 | Create | Villager (Male) |
| 14:41 | Build | Farm |
| 14:45 | Build | House |
| 14:53 | Create | Villager (Male) |
| 14:58 | Build | House |
| 15:04 | Build | Farm |
| 15:16 | Build | Palisade Wall |
| 15:17 | Build | Palisade Wall |
| 15:19 | Build | Palisade Wall |
| 15:20 | Build | Palisade Wall |
| 15:20 | Build | Palisade Wall |
| 15:22 | Build | Palisade Wall |
| 15:25 | Create | Villager (Male) |
| 15:36 | Build | Farm |
| 15:40 | Build | Farm |
| 15:59 | Build | Farm |
| 15:59 | Create | Villager (Male) |
| 16:10 | Create | Villager (Male) |
| 16:25 | Create | Villager (Male) |
| 16:45 | Build | Mining Camp |
| 17:14 | Create | Villager (Male) |
| 17:25 | Build | Blacksmith |
| 17:31 | Create | Villager (Male) |
| 17:33 | Build | Archery Range |
| 17:45 | Create | Villager (Male) |
| 17:49 | Build | Lumber Camp |
| 18:54 | Research | Gold Mining |
| 18:54 | Research | Gold Mining |
| 19:02 | Research | Castle Age |
| 19:15 | Build | Archery Range |
| 19:23 | Create | Villager (Male) |
| 19:25 | Create | Archer |
| 19:25 | Create | Archer |
| 19:26 | Create | Archer |
| 19:30 | Build | House |
| 19:34 | Build | Palisade Wall |
| 19:35 | Build | Palisade Wall |
| 19:39 | Research | Fletching |
| 19:40 | Research | Fletching |
| 19:59 | Create | Archer |
| 19:59 | Create | Archer |
| 20:10 | Create | Archer |
| 20:25 | Create | Archer |
| 20:44 | Create | Archer |
| 20:46 | Create | Villager (Male) |
| 21:06 | Create | Archer |
| 21:42 | Age | Castle Age |
| 21:47 | Build | Siege Workshop |
| 21:48 | Research | Bow Saw |
| 21:48 | Research | Bow Saw |
| 21:49 | Research | Bodkin Arrow |
| 22:13 | Create | Mangonel |
| 22:21 | Create | Villager (Male) |
| 22:45 | Build | Market |
| 22:46 | Create | Villager (Male) |
| 22:51 | Create | Villager (Male) |
| 23:04 | Create | Villager (Male) |
| 23:07 | Create | Mangonel |
| 23:07 | Create | Mangonel |
| 23:07 | Create | Mangonel |
| 23:10 | Create | Villager (Male) |
| 23:16 | Create | Villager (Male) |
| 23:27 | Create | Villager (Male) |
| 23:45 | Build | Town Center |
| 23:45 | Create | Villager (Male) |
| 24:08 | Create | Villager (Male) |
| 24:16 | Build | Farm |
| 24:28 | Create | Villager (Male) |
| 24:33 | Create | Mangonel |
| 24:37 | Build | Farm |
Match timeline
| 2:18 | LvSP | Réyiman · wall_segment Palisade Wall x7 |
| 2:42 | LvSP | Réyiman · wall_segment Palisade Wall x1 |
| 4:29 | Chimirindo · wall_segment Palisade Wall x1 |
| 6:45 | LvSP | Réyiman · wall_segment Palisade Wall x1 |
| 6:46 | LvSP | Réyiman · wall_segment Palisade Wall x1 |
| 6:48 | LvSP | Réyiman · wall_segment Palisade Wall x4 |
| 8:24 | LvSP | Réyiman · wall_segment Palisade Wall x8 |
| 8:33 | Chimirindo · first_building Barracks |
| 8:53 | LvSP | Réyiman · first_building Barracks |
| 8:54 | Chimirindo · wall_segment Palisade Wall x1 |
| 8:57 | Chimirindo · wall_segment Palisade Wall x1 |
| 9:20 | Chimirindo · age_up feudal |
| 9:45 | LvSP | Réyiman · age_up feudal |
| 9:48 | LvSP | Réyiman · first_building Stable |
| 11:36 | Chimirindo · first_building Archery Range |
| 12:04 | Chimirindo · wall_segment Palisade Wall x1 |
| 12:05 | Chimirindo · wall_segment Palisade Wall x2 |
| 14:22 | LvSP | Réyiman · wall_segment Palisade Wall x5 |
| 14:24 | LvSP | Réyiman · wall_segment Palisade Wall x4 |
| 14:43 | Chimirindo · wall_segment Palisade Wall x1 |
| 14:44 | Chimirindo · wall_segment Palisade Wall x1 |
| 14:46 | Chimirindo · wall_segment Palisade Wall x1 |
| 14:47 | Chimirindo · wall_segment Palisade Wall x1 |
| 15:16 | LvSP | Réyiman · wall_segment Palisade Wall x1 |
| 15:17 | LvSP | Réyiman · wall_segment Palisade Wall x1 |
| 15:19 | LvSP | Réyiman · wall_segment Palisade Wall x2 |
| 15:20 | LvSP | Réyiman · wall_segment Palisade Wall x1 |
| 15:20 | LvSP | Réyiman · wall_segment Palisade Wall x1 |
| 15:22 | LvSP | Réyiman · wall_segment Palisade Wall x5 |
| 16:10 | Chimirindo · wall_segment Palisade Wall x1 |
| 17:33 | LvSP | Réyiman · first_building Archery Range |
| 19:24 | Chimirindo · wall_segment Palisade Wall x1 |
| 19:28 | Chimirindo · wall_segment Palisade Wall x13 |
| 19:34 | LvSP | Réyiman · wall_segment Palisade Wall x1 |
| 19:35 | LvSP | Réyiman · wall_segment Palisade Wall x1 |
| 19:36 | Chimirindo · wall_segment Palisade Wall x4 |
| 19:38 | Chimirindo · wall_segment Palisade Wall x6 |
| 19:42 | Chimirindo · wall_segment Palisade Wall x4 |
| 19:43 | Chimirindo · wall_segment Palisade Wall x2 |
| 19:48 | Chimirindo · wall_segment Palisade Wall x8 |
| 20:49 | Chimirindo · age_up castle |
| 20:51 | Chimirindo · first_building Siege Workshop |
| 21:42 | LvSP | Réyiman · age_up castle |
| 21:47 | LvSP | Réyiman · first_building Siege Workshop |
| 23:42 | LvSP | Réyiman · first_market_buy 100 stone |
| 25:53 | LvSP | Réyiman · first_building Monastery |
| 33:12 | Chimirindo · first_market_sell 100 wood |
| 36:01 | Chimirindo · first_market_buy 100 food |
| 38:41 | Chimirindo · first_building Castle |
| 40:01 | Chimirindo · wall_segment Palisade Wall x1 |
| 43:15 | LvSP | Réyiman · first_market_sell 100 stone |
| 43:21 | LvSP | Réyiman · first_building Castle |
| 43:37 | LvSP | Réyiman · age_up imperial |
| 43:45 | Chimirindo · resign |
[ AI ANALYSIS · 1 CREDIT ]
What really happened in this match?
Wolo.gg analyzes every decision: build order, eco, micro, common mistakes by bracket. Personalized analysis on WhatsApp or Discord in 30 seconds.
Civ guide
Mongols
Perfil
Jugador #5601064